 Dungeon Crawl Stone Soup version 0.22-a0-368-g870eee8 (webtiles) character file.

18 dstrtnsr the Ogre Mage (level 2, 0/28 HPs)
             Began as an Ogre Enchanter on Apr 23, 2018.
             Slain by a hound (2 damage)
             ... on level 3 of the Dungeon.
             The game lasted 00:03:32 (497 turns).

dstrtnsr the Ogre Mage (Ogre Enchanter)              Turns: 497, Time: 00:03:33

Health: 0/28       AC:  4    Str: 11    XL:     2   Next: 66%
Magic:  0/6        EV: 10    Int: 16    God:
Gold:   58         SH:  0    Dex:  9    Spells: 4/7 levels left

rFire    . . .     SeeInvis .   l - -3 dagger (curse)
rCold    . . .     Gourm    .   (no shield)
rNeg     . . .     Faith    .   b - +0 robe
rPois    .         Spirit   .   (helmet restricted)
rElec    .         Reflect  .   c - +0 cloak
rCorr    .         Harm     .   (gloves unavailable)
MR       .....                  (boots unavailable)
Stlth    ++........             (no amulet)
HPRegen  0.09/turn              (no ring)
MPRegen  0.10/turn              (no ring)

@: very slightly contaminated
A: large, unfitting armour, tough skin 1
a: no special abilities


You were on level 3 of the Dungeon.
You were not hungry.

You visited 1 branch of the dungeon, and saw 3 of its levels.

You collected 58 gold pieces.

Inventory:

Hand Weapons
 a - a +2 dagger
 l - a cursed -3 dagger (weapon)
Armour
 b - a +0 robe (worn)
 c - a +0 cloak (worn)
Scrolls
 g - a scroll of enchant weapon
Potions
 e - a potion of might {unknown}
 f - a potion of heal wounds {unknown}
 i - 2 potions of resistance
 j - a potion of lignification {unknown}
 k - a potion of curing {@q1}
Comestibles
 d - 4 rations {!d}


   Skills:
 + Level 2.2 Fighting
 - Level 1.0 Short Blades
 - Level 1.7 Dodging
 - Level 2.1 Stealth
 - Level 3.0 Spellcasting
 - Level 2.6 Hexes


You had 4 spell levels left.
You knew the following spells:

 Your Spells              Type           Power        Failure   Level  Hunger
a - Corona                Hex            ##.....      6%          1    #......
b - Ensorcelled Hibernat  Hex/Ice        #.....       16%         2    ##.....


Dungeon Overview and Level Annotations

Branches:
Dungeon (3/15)

Altars:
Uskayaw

Annotations:
D:2 exclusion: downstairs
D:3 Grinder


Innate Abilities, Weirdness & Mutations

You are too large for most types of armour.
You have tough skin. (AC +1)


Message History

There is a stone staircase leading up here.
Unknown command.
You open the door.
A hound comes into view.
The hound barks!
Found a stone staircase leading down.
You aren't carrying any items that you can evoke.
Unknown command.
There is a stone staircase leading up here.
Unknown command.
Casting: Corona (safe; 6% risk of failure)
Confirm with . or Enter, or press ? or * to list all spells.
Aiming: Ensorcelled Hibernation (safe; 16% risk of failure)
Press: ? - help, Shift-Dir - straight line, f - hound
Aim: a hound (chance to defeat MR: 47%)
You miscast Ensorcelled Hibernation.
You are very lightly contaminated with residual magic.
You feel off-balance for a moment. The hound bites you.
Huge Dmg: -18%(-5hp) hp: 65%(18hp) Unknown command.
Casting: Ensorcelled Hibernation (safe; 16% risk of failure)
Confirm with . or Enter, or press ? or * to list all spells.
Aiming: Ensorcelled Hibernation (safe; 16% risk of failure)
Press: ? - help, Shift-Dir - straight line, f/p - hound
Aim: a hound (chance to defeat MR: 47%)
The hound looks drowsy...
Unknown command.
The helpless hound fails to defend itself.
You hit the hound.
The hound is moderately wounded.
The hound closely misses you. The hound bites you.
Damage: -7%(-2hp) hp: 61%(17hp)
You closely miss the hound.
The hound is moderately wounded.
The hound bites you.
* * * LOW HITPOINT WARNING * * *
Huge Dmg: -14%(-4hp) hp: 47%(13hp)
Casting: Ensorcelled Hibernation (safe; 16% risk of failure)
Confirm with . or Enter, or press ? or * to list all spells.
Aiming: Corona (safe; 6% risk of failure)
Press: ? - help, Shift-Dir - straight line, f/p - hound
Aim: a hound (moderately wounded, chance to defeat MR: 55%)
The hound struggles to resist.
The hound bites you but does no damage. x2
Unknown command.
Casting: Corona (safe; 6% risk of failure)
Confirm with . or Enter, or press ? or * to list all spells.
Aiming: Corona (safe; 6% risk of failure)
Press: ? - help, Shift-Dir - straight line, f/p - hound
Aim: a hound (moderately wounded, chance to defeat MR: 55%)
The hound struggles to resist.
The hound bites you but does no damage.
Unknown command.
You miss the hound.
The hound is moderately wounded.
The hound bites you but does no damage. The hound bites you.
* * * LOW HITPOINT WARNING * * *
Damage: -4%(-1hp) hp: 43%(12hp)
You completely miss the hound.
The hound is moderately wounded.
The hound closely misses you.
You closely miss the hound.
The hound is moderately wounded.
The hound bites you.
* * * LOW HITPOINT WARNING * * *
Damage: -7%(-2hp) hp: 36%(10hp)
You barely miss the hound.
The hound is moderately wounded.
The hound bites you but does no damage. The hound closely misses you.
You closely miss the hound.
The hound is lightly wounded.
The hound bites you.
* * * LOW HITPOINT WARNING * * *
Damage: -3%(-1hp) hp: 33%(9hp)
You aren't carrying any items that you can evoke.
Unknown command.
Casting: Corona (safe; 6% risk of failure)
Confirm with . or Enter, or press ? or * to list all spells.
Aiming: Corona (safe; 6% risk of failure)
Press: ? - help, Shift-Dir - straight line, f/p - hound
Aim: a hound (lightly wounded, chance to defeat MR: 55%)
The hound is outlined in light.
The hound bites you.
* * * LOW HITPOINT WARNING * * *
The hound bites you.
* * * LOW HITPOINT WARNING * * *
Huge Dmg: -22%(-6hp) hp: 11%(3hp)
You closely miss the hound.
The hound is lightly wounded.
The hound bites you but does no damage.
You closely miss the hound.
The hound is lightly wounded.
The hound bites you.
* * * LOW HITPOINT WARNING * * *
Huge Dmg: -7%(-2hp) hp: 8%(2hp)
You barely miss the hound.
The hound is lightly wounded.
The hound barely misses you. The hound bites you but does no damage.
Unknown command.
You hit the hound but do no damage.
The hound is lightly wounded.
The hound bites you.
You die...

### #@#
#h# #.#
#.# #'#
... .....
.......
#........


You could see a hound.

Vanquished Creatures
  A leopard gecko (D:2)
  A giant cockroach (D:1)
  2 goblins (D:2)
  A hobgoblin (D:2)
  2 jackals (D:2)
  2 kobolds
  A ball python (D:1)
  2 bats
  4 frilled lizards
  A rat (D:1)
17 creatures vanquished.

Notes
Turn   | Place    | Note
-------+----------+-------------------------------------------
     0 | D:1      | dstrtnsr the Ogre Enchanter began the quest for the Orb.
     0 | D:1      | Reached XP level 1. HP: 16/16 MP: 3/3
    23 | D:1      | Reached skill level 1 in Short Blades
    96 | D:1      | Reached skill level 1 in Fighting
   141 | D:2      | Reached XP level 2. HP: 25/27 MP: 3/5
   244 | D:2      | Learned a level 2 spell: Ensorcelled Hibernation
   251 | D:2      | Found a hide-covered altar of Uskayaw.
   304 | D:2      | Reached skill level 3 in Spellcasting
   442 | D:3      | Noticed Grinder
   490 | D:3      | HP: 10/28 [hound (2)]
   493 | D:3      | HP: 3/28 [hound (4)]
   497 | D:3      | Slain by a hound

Vault maps used:
D:1:      lightli_arrival_boilingwater
D:2:      lemuel_round_altar, marbit_many_paths, first_ration
D:3:      chequers_ecumenical_altar_lobes, makhleb_altar_promises_db,
          uniq_grinder

Skill      XL: |  1  2 |
---------------+-------+-----
Short Blades   | 1 |  1.0
Fighting       | 1 2 |  2.2
Spellcasting   | 3 |  3.0
Dodging        | |  1.7
Stealth        | |  2.1
Hexes          | |  2.6

Action                   || total
-------------------------++-------
Melee: Dagger            ||    64
 Cast: Corona            ||    13
       Ensorcelled Hiber ||     5
  Use: Scroll            ||     3
 Stab: Sleeping          ||     4
Armor: Robe              ||    23
Dodge: Dodged            ||    40

Table legend:
 A = Spawn XP
 B = Non-spawn XP
 C = Spawn XP percentage of total XP
 D = Spawn monster count
 E = Non-spawn monster count
 F = Spawn count percentage of total count
 G = Total turns spent on level
                    A         B        C        D         E        F      G
               +---------+---------+-------+---------+---------+-------+---------
         Total |       0 |      26 |   0.0 |       0 |      17 |   0.0 |   497
               +---------+---------+-------+---------+---------+-------+---------
           D:1 |       0 |       8 |   0.0 |       0 |       7 |   0.0 |   160
           D:2 |       0 |      18 |   0.0 |       0 |      10 |   0.0 |   311
               +---------+---------+-------+---------+---------+-------+---------
